 Dungeon Crawl Stone Soup version 0.22.1-1-ga44c0e5 (webtiles) character file.

115692 Bodigarde the Unseen (level 17, -1/100 HPs)
             Began as a Kobold Hunter on Oct 23, 2018.
             Was the Champion of Hepliaklqana.
             Shot with an arrow by Vashnia (29 damage)
             ... on level 2 of the Snake Pit on Oct 24, 2018.
             The game lasted 03:28:45 (40228 turns).

Bodigarde the Unseen (Kobold Hunter)               Turns: 40228, Time: 03:28:46

Health: -1/100     AC: 18    Str: 11    XL:     17   Next: 24%
Magic:  22/22      EV: 22    Int: 18    God:    Hepliaklqana [******]
Gold:   1694       SH:  0    Dex: 19    Spells: 16/16 levels left

rFire    + . .     SeeInvis +   a - +6 triple crossbow (flame)
rCold    + . .     Gourm    .   (shield currently unavailable)
rNeg     . . .     Faith    +   w - +5 ring mail {rF+}
rPois    +         Spirit   .   A - +2 hat
rElec    +         Reflect  .   W - +2 cloak {rF+}
rCorr    .         Harm     .   (no gloves)
MR       +....                  Z - +0 pair of boots
Stlth    +++++++...             Y - amulet "Jaitaetu" {Faith rElec rPois Int+6 Dex-2}
HPRegen  0.26/turn              Q - ring of ice
MPRegen  0.18/turn              c - ring of see invisible

@: lethally poisoned (-1 -> -2)
A: small, reduced essence, carnivore
a: Recall Ancestor, Ancestor Identity, Transference, Idealise, Renounce Religion


You were on level 2 of the Snake Pit.
You worshipped Hepliaklqana.
Hepliaklqana was exalted by your worship.
You were not hungry.

You visited 5 branches of the dungeon, and saw 26 of its levels.
You also visited: Trove, Ossuary, Bailey and Volcano.

You collected 2857 gold pieces.
You spent 1163 gold pieces at shops.

Inventory:

Hand Weapons
 a - a +6 triple crossbow of flaming (weapon)
 b - the +10 quick blade of Teiq {holy, +Rage rPois Str+2}
   (You found it in a treasure trove)

   It has been blessed by the Shining One to cause great damage to the undead
   and demons.
   It affects your strength (+2).
   It protects you from poison.
   It lets you go berserk.
Missiles
 d - 73 bolts (quivered)
Armour
 w - a +5 ring mail of fire resistance (worn)
 A - a +2 hat (worn)
 W - a +2 cloak of fire resistance (worn)
 Z - a +0 pair of boots (worn)
Jewellery
 c - a ring of see invisible (right hand)
 s - an uncursed ring of ice
 v - an uncursed amulet of magic regeneration {unknown}
 D - an uncursed ring of flight
 Q - a ring of ice (left hand)
 Y - the amulet "Jaitaetu" (around neck) {Faith rElec rPois Int+6 Dex-2}
   (You bought it in a shop on level 6 of the Dungeon)

   [amulet of faith]

   It allows you to gain divine favour quickly.
   It affects your intelligence (+6).
   It affects your dexterity (-2).
   It insulates you from electricity.
   It protects you from poison.
Wands
 h - a wand of enslavement (18)
 q - a wand of clouds (1)
 x - a wand of digging (5)
 G - a wand of acid (3)
 J - a wand of paralysis (34)
 P - a wand of polymorph (30)
 S - a wand of disintegration (29)
Scrolls
 e - 25 scrolls of remove curse
 i - 7 scrolls of magic mapping
 j - 6 scrolls of fear
 k - 10 scrolls of teleportation
 l - 4 scrolls of fog
 o - a scroll of silence
 y - 3 scrolls of blinking
 B - a scroll of enchant weapon
 N - 3 scrolls of holy word
 T - 3 scrolls of summoning
 V - a scroll of amnesia
Potions
 g - 5 potions of heal wounds
 m - 2 potions of might
 n - a potion of ambrosia
 p - 3 potions of cancellation
 r - 10 potions of curing
 z - a potion of agility
 E - 5 potions of mutation
 K - 2 potions of invisibility
 M - 3 potions of haste
 U - a potion of resistance {unknown}
 X - a potion of berserk rage {unknown}
Miscellaneous
 t - a phial of floods
 C - a lightning rod (inert)
Comestibles
 f - 54 rations


   Skills:
 + Level 14.5 Fighting
 - Level 14.0 Short Blades
 * Level 11.3 Crossbows
 + Level 9.3 Armour
 + Level 12.0 Dodging
 + Level 18.4 Stealth
   Level 5.6 Shields
 - Level 7.1 Invocations
 + Level 3.9 Evocations


You had 16 spell levels left.
You didn't know any spells.
Your spell library contained the following spells:

 Spells                   Type           Power        Failure   Level  Hunger
 Freeze                   Ice            #...         41%         1    ##.....
 Infusion                 Chrm           #...         41%         1    ##.....
 Magic Dart               Conj           #...         41%         1    ##.....
 Shock                    Conj/Air       #...         41%         1    ##.....
 Blink                    Tloc           N/A          56%         2    ###....
 Call Imp                 Summ           #.......     56%         2    ###....
 Poisonous Vapours        Pois/Air       #.....       56%         2    ###....
 Searing Ray              Conj           #.....       56%         2    ###....
 Shroud of Golubria       Chrm/Tloc      #.........   56%         2    ###....
 Slow                     Hex            #.......     56%         2    ###....
 Song of Slaying          Chrm           #.......     56%         2    ###....
 Swiftness                Chrm/Air       #.......     56%         2    ###....
 Throw Frost              Conj/Ice       #.....       56%         2    ###....
 Conjure Flame            Conj/Fire      #.......     80%         3    ####...
 Dazzling Spray           Conj/Hex       #.....       80%         3    ####...
 Mephitic Cloud           Conj/Pois/Air  #.......     80%         3    ####...
 Ozocubu's Armour         Chrm/Ice       #.......     80%         3    ####...
 Regeneration             Chrm/Necr      #.........   80%         3    ####...
 Spectral Weapon          Hex/Chrm       #.......     80%         3    ####...
 Static Discharge         Conj/Air       #.......     80%         3    ####...
 Airstrike                Air            #.........   99%         4    #####..
 Force Lance              Conj/Tloc      #.......     99%         4    #####..
 Fulminant Prism          Conj/Hex       #.........   99%         4    #####..
 Iskenderun's Mystic Bla  Conj           #.......     99%         4    #####..
 Summon Ice Beast         Ice/Summ       #.......     99%         4    #####..
 Throw Icicle             Conj/Ice       #.......     99%         4    #####..
 Irradiate                Conj/Tmut      #.........   100%        5    ######.
 Lightning Bolt           Conj/Air       #.........   100%        5    ######.
 Freezing Cloud           Conj/Ice/Air   #.........   100%        6    #######
 Hydra Form               Tmut           #.........   100%        6    #######
 Statue Form              Tmut/Erth      #........    100%        6    #######
 Dragon Form              Tmut           #.........   100%        7    #######
 Ring of Flames           Chrm/Fire      #.........   100%        7    #######


Dungeon Overview and Level Annotations

Branches:
Dungeon (15/15)            Temple (1/1) D:4            Lair (6/6) D:8
  Swamp (0/4) Lair:4        Snake (2/4) Lair:3        Slime (0/5) Lair:6
    Orc (2/2) D:12            Elf (0/3) Orc:2        Vaults (0/5) D:14
 Depths (0/5) D:15

Altars:
Ashenzari
Cheibriados
Dithmenos
Elyvilon
Fedhas
Gozag
Hepliaklqana
Kikubaaqudgha
Makhleb
Nemelex Xobeh
Okawaru
Qazlal
Ru
Sif Muna
Trog
Uskayaw
Vehumet
Wu Jian
Xom
Yredelemnul
Zin
The Shining One
Beogh

Shops:
D:5 (   D:6 =   D:8 ?   D:9 (   D:10 }   D:11 }   Orc:1 }   Orc:2 ([((
Snake:1 ?

Annotations:
Snake:2 Vashnia
Orc:1 2 transporters, SaintRoka's ghost, journeyman DsAK


Innate Abilities, Weirdness & Mutations

You are small and have problems with some larger weapons.
You are carnivorous and can eat meat at any time.
Your life essence is reduced to manifest your ancestor. (-10% HP)


Message History

r - Retreat! s - Stop attacking. g - Guard the area. f - Follow me.
Anything else - Cancel.
Gang up on whom?
Press: ? - help, Dir - move target cursor, f/p - naga sharpshooter
Aim: a naga sharpshooter, wielding an arbalest (almost dead) Attack!
There are monsters nearby!
Unknown command.
There are monsters nearby!
Unknown command.
There are monsters nearby!
The naga sharpshooter mumbles some strange words.
The naga sharpshooter magically shoots a bolt.
The bolt hits you!
* * * LOW HITPOINT WARNING * * *
Xochitl closely misses the naga sharpshooter.
Vashnia mumbles some strange words.
Vashnia magically shoots an arrow.
The arrow hits you!!
You die...

##.#.#########.###
R.((>.....)).....#
##.#R#############
#)#.# #.#.#
#.#N########
#.#.R...N(.#
#.########(######
#.#.....N.NNR((@#
#.#.######.######
#.#.....(..#
##########


You could see the friendly Xochitl the hexer, Vashnia and 2 naga sharpshooters.

Vanquished Creatures
  Kirke (D:13)
  An orc warlord (Orc:2)
  A stone giant (Volcano)
  Snorg (D:14)
  Josephine (D:13)
  2 fire dragons
  The ghost of PeterLawrence the Basher, a journeyman MiFi of Okawaru (Lair:1)
  4 vault guards (D:14)
  3 naga warriors
  4 hydras
  5 anacondas (Snake:1)
  2 catoblepae
  A death knight (D:15)
  2 ice dragons (D:15)
  8 two-headed ogres
  Erica (D:11)
  4 centaur warriors
  3 death yaks (Lair:3)
  A tengu warrior (D:12)
  Nergalle (Orc:1)
  Urug (D:13)
  4 naga sharpshooters
  A shock serpent (Lair:3)
  Sonja (D:11)
  A naga ritualist (Snake:1)
  A lindwurm (Lair:6)
  Pikel (D:9)
  The ghost of buskinjo the Carver, a novice DrGl of Okawaru (D:6)
  2 mana vipers (Snake:1)
  3 orc sorcerers (Orc:2)
  4 manticores
  A cyclops (Orc:2)
  12 ugly things
  10 elephants
  19 black mambas
  A naga mage (Snake:1)
  Maurice (Orc:1)
  A guardian serpent (Lair:3)
  Joseph (D:7)
  3 gargoyles
  5 molten gargoyles
  11 spiny frogs
  3 rime drakes
  8 komodo dragons
  A freezing wraith (D:15)
  2 efreet
  3 kobold demonologists (D:12)
  A tengu conjurer (D:13)
  3 trolls
  2 slime creatures (D:12)
  9 blink frogs (Lair:1)
  12 hippogriffs
  A water elemental (D:15)
  A spriggan (D:11)
  8 wraiths
  35 yaks
  A vampire (D:9)
  A fire bat (Volcano)
  9 basilisks
  3 fire elementals (Volcano)
  4 wyverns (Lair:6)
  2 hungry ghosts
  2 steam dragons
  4 wargs (Orc:2)
  5 nagas
  A soldier ant (D:14)
  An acid dragon (D:15)
  3 porcupines
  Duvessa (D:7)
  4 hell hounds (Lair:6)
  8 water moccasins
  30 orc warriors
  2 sky beasts
  13 ice beasts
  3 black bears
  An eye of draining (D:14)
  2 slaves (D:7)
  3 phantoms
  A boggart (D:12)
  8 ogres
  6 wolves
  A hexer (Orc:2)
  10 centaurs
  9 crocodiles
  6 big kobolds
  15 bullfrogs
  An earth elemental (Volcano)
  A wyvern zombie (D:12)
  Dowan (D:7)
  5 scorpions (Ossuary)
  2 wyvern skeletons
  4 killer bees (D:12)
  8 wights
  A howler monkey (D:4)
  5 electric eels
  5 crimson imps
  2 centaur zombies
  11 lava snakes
  2 human zombies (Ossuary)
  A wyvern simulacrum (D:14)
  15 jellies
  5 centaur skeletons
  7 hounds
  18 orc priests
  21 orc wizards
  3 bullfrog skeletons
  A gnoll shaman (D:6)
  6 iguanas
  Natasha (D:3)
  5 worker ants
  A killer bee zombie (D:6)
  2 big kobold zombies (Ossuary)
  A hound skeleton (D:5)
  3 mummies
  6 gnolls
  12 adders
  A scorpion zombie (Ossuary)
  4 shadow imps
  3 oozes
  An adder zombie (D:8)
  2 adder skeletons
  2 worms
  3 dart slugs
  A leopard gecko (D:1)
  85 orcs
  2 ball pythons
  5 giant cockroaches
  9 goblins
  2 hobgoblins
  4 jackals (D:2)
  6 quokkas
  10 bats
  3 frilled lizards (D:2)
  3 goblin zombies
  3 hobgoblin zombies (Ossuary)
  A jackal skeleton (D:8)
  19 kobolds
  3 kobold zombies (Ossuary)
  2 orc zombies
  7 rats
717 creatures vanquished.

Vanquished Creatures (collateral kills)
  An orc warlord (Orc:2)
  2 centaur warriors
  A catoblepas (Lair:4)
  2 death yaks (Lair:3)
  A two-headed ogre (D:11)
  An orc high priest (Orc:2)
  An orc knight (Orc:2)
  A deep elf mage (D:13)
  A mana viper (Snake:1)
  A cyclops (D:11)
  An ugly thing (D:14)
  An orc sorcerer (Orc:2)
  4 black mambas
  A spiny frog (Lair:6)
  4 komodo dragons
  A polar bear (Lair:4)
  2 blink frogs (Lair:1)
  3 hippogriffs
  4 yaks
  2 basilisks
  A warg (Orc:2)
  A naga (Snake:1)
  A water moccasin (Lair:4)
  3 porcupines
  6 orc warriors
  An ice beast (D:7)
  2 slaves (D:7)
  A sky beast (D:3)
  A phantom (D:10)
  2 ogres
  2 wolves
  2 centaurs
  A big kobold (D:8)
  4 bullfrogs
  A water moccasin skeleton (D:7)
  A killer bee (D:12)
  2 scorpions (Ossuary)
  2 electric eels
  A howler monkey (D:4)
  3 crimson imps
  A lava snake (Volcano)
  2 jellies
  3 orc priests
  A centaur skeleton (D:11)
  4 iguanas
  5 orc wizards (Orc:2)
  A worker ant (D:4)
  A mummy (Ossuary)
  A hound skeleton (D:5)
  A gnoll (D:6)
  A scorpion zombie (Ossuary)
  2 adders
  A worm (D:4)
  A leopard gecko (D:2)
  15 orcs
  A frilled lizard (D:3)
  2 hobgoblin zombies (Ossuary)
  3 kobolds
  A kobold zombie (Ossuary)
  A butterfly (Lair:3)
  2 fungi
123 creatures vanquished.

Vanquished Creatures (others)
  A wight (D:15)
  An ancestor (D:5)
  26 hexers
  3 bushes (Lair:6)
  20 fungi
  13 plants
64 creatures vanquished.

Grand Total: 904 creatures vanquished

Notes
Turn   | Place    | Note
-------+----------+-------------------------------------------
     0 | D:1      | Bodigarde the Kobold Hunter began the quest for the Orb.
     0 | D:1      | Reached XP level 1. HP: 12/12 MP: 1/1
   104 | D:1      | Reached skill level 5 in Crossbows
   155 | D:1      | Reached XP level 2. HP: 11/17 MP: 2/2
   380 | D:1      | Reached XP level 3. HP: 12/22 MP: 3/3
   456 | D:1      | Reached skill level 1 in Short Blades
   851 | D:2      | Reached XP level 4. HP: 27/27 MP: 4/4
  1362 | D:2      | Noticed an ice beast
  1372 | D:2      | Killed an ice beast
  1372 | D:2      | Reached XP level 5. HP: 17/31 MP: 5/5
  1577 | D:2      | Reached XP level 6. HP: 36/36 MP: 6/6
  1619 | D:2      | Found a hazy altar of Hepliaklqana.
  1620 | D:2      | Found a shimmering altar of Xom.
  1620 | D:2      | Noticed a boggart
  1621 | D:2      | Noticed a spectral ugly thing
  1621 | D:2      | Noticed a boggart
  1625 | D:2      | Became a worshipper of Hepliaklqana the Forgotten
  2012 | D:3      | Found a white marble altar of Elyvilon.
  2150 | D:3      | Noticed a sky beast
  2159 | D:3      | Killed a sky beast
  2159 | D:3      | Reached skill level 1 in Armour
  2198 | D:3      | Noticed Natasha
  2203 | D:3      | Killed Natasha
  2755 | D:4      | Noticed an ogre
  2755 | D:4      | Reached skill level 2 in Stealth
  2755 | D:4      | Reached XP level 7. HP: 17/36 MP: 7/7
  2916 | D:4      | Found a staircase to the Ecumenical Temple.
  3000 | D:4      | Reached * piety under Hepliaklqana
  3015 | Temple   | Entered the Ecumenical Temple
  3401 | D:4      | Found a hide-covered altar of Uskayaw.
  3500 | D:4      | Found a glowing golden altar of the Shining One.
  3700 | D:4      | Reached XP level 8. HP: 40/41 MP: 8/8
  4039 | D:5      | Entered Level 5 of the Dungeon
  4206 | D:5      | Reached ** piety under Hepliaklqana
  4207 | D:5      | Found Cumabe Sosm's Weapon Boutique.
  4221 | D:5      | Remembered your ancestor Xochitl as a hexer
  4242 | D:5      | Found a sand-covered staircase.
  4249 | Ossuary  | Entered an ossuary
  4312 | Ossuary  | Reached skill level 5 in Short Blades
  4385 | Ossuary  | Reached skill level 3 in Stealth
  4451 | Ossuary  | Reached skill level 10 in Crossbows
  4670 | Ossuary  | Reached XP level 9. HP: 46/46 MP: 9/9
  5029 | D:5      | Found an opulent altar of Gozag.
  5547 | D:6      | Reached skill level 4 in Stealth
  5736 | D:6      | Found Aqueryn's Jewellery Shoppe.
  5856 | D:6      | Found a sacrificial altar of Ru.
  6212 | D:6      | Found a runed door.
  6212 | D:6      | Noticed a gargoyle
  6214 | D:6      | Noticed buskinjo's ghost (novice DrGl)
  6328 | D:6      | Found a shadowy altar of Dithmenos.
  6386 | D:6      | Reached skill level 5 in Fighting
  6464 | D:7      | Noticed Duvessa
  6468 | D:7      | Killed Duvessa
  6500 | D:7      | Found a flagged portal.
  6535 | D:7      | Reached *** piety under Hepliaklqana
  6556 | D:7      | Noticed Dowan
  6563 | D:7      | Killed Dowan
  6611 | Bailey   | Entered a bailey
  6619 | Bailey   | Noticed an orc knight
  6620 | Bailey   | Noticed an orc knight
  6681 | D:7      | Reached skill level 5 in Stealth
  6831 | D:7      | Reached XP level 10. HP: 23/54 MP: 10/10
  7134 | D:7      | Found a bloodstained altar of Trog.
  7374 | D:7      | Reached skill level 5 in Dodging
  7457 | D:7      | Noticed Joseph
  7474 | D:7      | Killed Joseph
  7474 | D:7      | Reached skill level 6 in Stealth
  7847 | D:8      | Noticed a two-headed ogre
  7862 | D:8      | Killed a two-headed ogre
  8222 | D:8      | Found Zarghen's Magic Scroll Shop.
  8338 | D:8      | Found a staircase to the Lair.
  8566 | D:8      | Reached skill level 7 in Stealth
  8702 | D:8      | Reached skill level 10 in Short Blades
  8969 | Lair:1   | Entered Level 1 of the Lair of Beasts
  9004 | Lair:1   | Noticed a black mamba
  9020 | Lair:1   | Noticed a komodo dragon
  9237 | Lair:1   | Killed a komodo dragon
  9323 | Lair:1   | Reached XP level 11. HP: 37/60 MP: 11/11
  9484 | Lair:1   | Reached skill level 5 in Armour
  9710 | Lair:1   | Reached skill level 8 in Stealth
 10087 | D:9      | Found a burning altar of Makhleb.
 10095 | D:9      | Reached **** piety under Hepliaklqana
 10189 | D:9      | Found a burning altar of Makhleb.
 10742 | D:9      | Noticed Pikel
 10751 | D:9      | Killed Pikel
 10881 | D:9      | Found a sparkling altar of Nemelex Xobeh.
 11282 | D:9      | Found Vaekau's Antique Weapon Emporium.
 11492 | D:10     | Entered Level 10 of the Dungeon
 11536 | D:10     | Reached skill level 9 in Stealth
 11573 | D:10     | Found Ycvucvif's Gadget Emporium.
 12386 | D:11     | Noticed a catoblepas
 12386 | D:11     | Noticed a manticore
 12419 | D:11     | Noticed a cyclops
 12419 | D:11     | Noticed a two-headed ogre
 12780 | Lair:1   | Found a runed gate.
 12783 | Lair:1   | Found a runed gate.
 12783 | Lair:1   | Found a runed gate.
 12784 | Lair:1   | Noticed PeterLawrence's ghost (journeyman MiFi)
 13350 | Lair:2   | Found a dark tunnel.
 13358 | Volcano  | Entered a volcano
 13584 | Volcano  | Reached XP level 12. HP: 67/67 MP: 12/12
 13928 | Volcano  | Found a burning altar of Makhleb.
 13930 | Volcano  | Reached skill level 10 in Stealth
 14192 | Volcano  | Noticed a stone giant
 14216 | Volcano  | Killed a stone giant
 14373 | Volcano  | Reached skill level 11 in Stealth
 14696 | Lair:2   | Reached skill level 1 in Invocations
 14868 | Lair:2   | Reached ***** piety under Hepliaklqana
 15691 | Lair:3   | Reached skill level 12 in Stealth
 16389 | Lair:3   | Found a staircase to the Snake Pit.
 16662 | Lair:3   | Noticed a four-headed hydra
 16833 | Lair:3   | Killed a four-headed hydra
 16981 | Lair:3   | Reached XP level 13. HP: 68/72 MP: 15/15
 17107 | Lair:3   | Reached skill level 13 in Stealth
 17478 | D:6      | Bought the amulet "Jaitaetu" {Faith rElec rPois Int+6
                  | Dex-2} for 799 gold pieces
 17881 | Lair:3   | Reached skill level 1 in Evocations
 18859 | Lair:3   | Reached skill level 5 in Invocations
 19433 | Lair:4   | Noticed a catoblepas
 19434 | Lair:4   | Reached skill level 10 in Fighting
 19463 | Lair:4   | Killed a catoblepas
 19976 | Lair:4   | Found a staircase to the Swamp.
 20568 | Lair:5   | Got an ebony rapier
 20569 | Lair:5   | Identified the +9 rapier of Departure {pierce, rF+ rN+
                  | Stlth+} (You found it on level 5 of the Lair of Beasts)
 21081 | Lair:5   | Identified 2 scrolls of acquirement
 21312 | Lair:5   | Reached skill level 14 in Stealth
 21753 | Lair:6   | Entered Level 6 of the Lair of Beasts
 21982 | Lair:6   | Reached XP level 14. HP: 47/79 MP: 18/18
 22473 | Lair:6   | Reached skill level 10 in Dodging
 23445 | Lair:6   | Reached skill level 1 in Shields
 23745 | Lair:6   | Found a large runed door.
 23745 | Lair:6   | Found a large runed door.
 23854 | Lair:6   | Found a staircase to the Slime Pits.
 23906 | Lair:6   | Reached ****** piety under Hepliaklqana
 24810 | D:11     | Noticed Sonja
 24842 | D:11     | Killed Sonja
 24842 | D:11     | Reached skill level 15 in Stealth
 25236 | D:11     | Noticed Erica
 25246 | D:11     | Killed Erica
 25269 | D:11     | Reached XP level 15. HP: 76/86 MP: 19/19
 25743 | D:11     | Found Zedousuh's Gadget Shoppe.
 26088 | D:12     | Found a staircase to the Orcish Mines.
 26918 | D:12     | Got a faintly humming ring mail
 27211 | D:12     | Identified the +0 ring mail "Analules" {rN+ Int-4 Slay+2}
                  | (You found it on level 12 of the Dungeon)
 27544 | Orc:1    | Entered Level 1 of the Orcish Mines
 27568 | Orc:1    | Found a roughly hewn altar of Beogh.
 27582 | Orc:1    | Noticed Nergalle
 27587 | Orc:1    | Killed Nergalle
 27616 | Orc:1    | Found Qatusu Qeogg's Gadget Boutique.
 27624 | Orc:1    | Bought a wand of acid (10) for 364 gold pieces
 27730 | Orc:1    | Noticed Maurice
 27737 | Orc:1    | Killed Maurice
 27800 | Orc:1    | Found a transporter.
 27942 | Orc:1    | Noticed SaintRoka's ghost (journeyman DsAK)
 27954 | Orc:1    | Found a transporter.
 28210 | D:6      | Killed buskinjo's ghost
 28335 | Lair:1   | Killed PeterLawrence's ghost
 28335 | Lair:1   | Reached skill level 16 in Stealth
 28522 | Orc:2    | Entered Level 2 of the Orcish Mines
 28542 | Orc:2    | Reached skill level 5 in Shields
 28647 | Orc:2    | Found a staircase to the Elven Halls.
 28725 | Orc:2    | Found a roughly hewn altar of Beogh.
 28777 | Orc:2    | Found a roughly hewn altar of Beogh.
 28835 | Orc:2    | Noticed an orc warlord
 28974 | Orc:2    | Noticed an orc warlord
 29363 | Orc:2    | Killed an orc warlord
 29887 | Orc:2    | Found a roughly hewn altar of Beogh.
 30335 | Orc:2    | Killed an orc warlord
 30492 | Orc:2    | Found Wioc Hyn's Antique Weapon Boutique.
 30494 | Orc:2    | Found a roughly hewn altar of Beogh.
 30499 | Orc:2    | Found Holo's Antique Armour Shop.
 30670 | Orc:2    | Found a roughly hewn altar of Beogh.
 30742 | Orc:2    | Found Maresyda's Antique Weapon Boutique.
 30777 | Orc:2    | Found a roughly hewn altar of Beogh.
 30886 | Orc:2    | Found a roughly hewn altar of Beogh.
 30893 | Orc:2    | Found Ifinweg's Weapon Shoppe.
 31256 | D:13     | Reached XP level 16. HP: 61/93 MP: 20/20
 31425 | D:13     | Noticed Josephine
 31437 | D:13     | Killed Josephine
 31710 | D:13     | Noticed Kirke
 31822 | D:13     | Killed Kirke
 31906 | D:13     | Noticed Urug
 31914 | D:13     | Killed Urug
 31914 | D:13     | Reached skill level 17 in Stealth
 32612 | D:14     | Noticed Snorg
 32624 | D:14     | Killed Snorg
 33226 | D:14     | Found a portal to a secret trove of treasure.
 33241 | D:14     | You paid a toll of 6 potions of agility to enter a treasure
                  | trove
 33242 | Trove    | Entered a treasure trove
 33245 | Trove    | Found the +3 sling "Punk" {acid, rCorr}
 33265 | Trove    | Got an iridescent quick blade
 33266 | Trove    | Identified the +10 quick blade of Teiq {holy, +Rage rPois
                  | Str+2} (You found it in a treasure trove)
 33308 | Trove    | Got a slimy arbalest
 33315 | Trove    | Identified the +1 arbalest "With Two Names" {venom, +Fly
                  | SInv} (You found it in a treasure trove)
 33583 | D:14     | Found a gate to the Vaults.
 34222 | D:15     | Entered Level 15 of the Dungeon
 35010 | D:15     | Found a staircase to the Depths.
 36495 | Snake:1  | Entered Level 1 of the Snake Pit
 36838 | Snake:1  | Reached skill level 18 in Stealth
 37163 | Snake:1  | Reached XP level 17. HP: 86/100 MP: 22/22
 37477 | Snake:1  | Found Napho's Magic Scroll Shoppe.
 38454 | Snake:2  | Noticed Vashnia
 40228 | Snake:2  | Shot with an arrow by Vashnia

Skill      XL: |  1  2  3  4  5  6  7  8  9 10 11 12 13 14 15 16 17 |
---------------+----------------------------------------------------+-----
Crossbows      | 5 7 9 10 11 | 11.3
Short Blades   | 2 3 4 6 8 10 11 12 14 | 14.0
Fighting       | 3 4 5 7 8 9 10 12 13 14 | 14.5
Armour         | 1 2 3 4 6 7 8 9 |  9.3
Stealth        | 2 3 5 7 9 12 14 15 16 18 | 18.4
Dodging        | 3 4 5 7 8 9 10 11 12 | 12.0
Invocations    | 3 5 6 7 |  7.1
Evocations     | 2 3 |  3.9
Shields        | 3 5 |  5.6

Action                   |  1- 3 |  4- 6 |  7- 9 | 10-12 | 13-15 | 16-18 || total
-------------------------+-------+-------+-------+-------+-------+-------++-------
Melee: Short sword       |    14 |     4 |       |    28 |       |       ||    46
       Dagger            |       |    40 |   263 |   872 |   368 |       ||  1543
       Rapier            |       |       |       |       |   958 |   197 ||  1155
       Quick blade       |       |       |       |       |       |   514 ||   514
 Fire: Hand crossbow     |    61 |    71 |   184 |    67 |   231 |    51 ||   665
       Triple crossbow   |       |       |       |       |       |    53 ||    53
Invok: Ancestor Life: He |       |       |     1 |       |       |       ||     1
       Recall Ancestor   |       |       |       |       |     4 |     6 ||    10
       Idealise          |       |       |       |       |     4 |     2 ||     6
Evoke: Wand              |       |       |       |     7 |    18 |     6 ||    31
       Lightning rod     |       |       |       |       |     4 |     6 ||    10
       Phial of floods   |       |       |       |       |     1 |     1 ||     2
       Box of beasts     |       |       |       |       |       |     1 ||     1
  Use: Scroll            |     3 |     4 |    13 |    10 |    21 |     8 ||    59
       Potion            |       |       |     1 |     6 |     5 |     3 ||    15
 Stab: Sleeping          |       |     2 |     2 |    22 |    38 |    10 ||    74
       Distracted        |       |     1 |     2 |     9 |    10 |     7 ||    29
       Confused          |       |       |     6 |    12 |    10 |     2 ||    30
       Invisible         |       |       |       |     5 |       |     2 ||     7
       Paralysed         |       |       |       |       |     8 |    10 ||    18
       Petrified         |       |       |       |       |     1 |       ||     1
  Eat: Chunk             |     8 |     5 |    14 |    36 |    45 |    26 ||   134
Armor: Leather armour    |    12 |     8 |       |       |       |       ||    20
       Ring mail         |       |     3 |    69 |   146 |   207 |    95 ||   520
       Skin              |       |       |    21 |     8 |       |       ||    29
Dodge: Dodged            |    49 |    47 |   154 |   404 |   646 |   308 ||  1608
Block: Buckler           |       |       |       |       |   191 |    61 ||   252
